 Dungeon Crawl Stone Soup version 0.13-a0-2531-g2ad9301 (webtiles) character file.

420 Kae the Ruinous (level 6, -8/32 HPs)
             Began as a Tengu Fire Elementalist on July 26, 2013.
             Was an Initiate of Vehumet.
             Mangled by Crazy Yiuf
             ... wielding a +2,+4 quarterstaff of chaos
              (11 damage)
             ... on Level 3 of the Dungeon.
             The game lasted 00:04:56 (3470 turns).

Kae the Ruinous (Tengu Fire Elementalist)           Turns: 3470, Time: 00:04:56

HP  -8/32        AC  2     Str  8      XL: 6   Next:  9%
MP   0/14        EV 12     Int 18      God: Vehumet [......]
Gold 178         SH  0     Dex 14      Spells:  1 memorised, 10 levels left

Res.Fire  : . . .   See Invis. : .   (no weapon)
Res.Cold  : . . .   Warding    : .   a - +0 robe
Life Prot.: . . .   Conserve   : .   (no shield)
Res.Poison: .       Res.Corr.  : .   (helmet restricted)
Res.Elec. : .       Clarity    : .   (no cloak)
Sust.Abil.: . .     Spirit.Shd : .   (no gloves)
Res.Mut.  : .       Stasis     : .   (boots unavailable)
Res.Rott. : .       Flight     : .   (no amulet)
Saprovore : . . .                    (no ring)
                                     d - ring of teleport control

@: slowed, very slow, slightly resistant to hostile enchantments, fairly
stealthy
A: able to fly, beak, talons 3
a: Fly, Renounce Religion, Evoke Teleport Control


You were on level 3 of the Dungeon.
You worshipped Vehumet.
Vehumet was noncommittal.
You were not hungry.

You visited 1 branch of the dungeon, and saw 3 of its levels.

You collected 158 gold pieces.

Inventory:

Armour
 a - a +0 robe (worn)
Comestibles
 c - a bread ration
 f - 2 meat rations
 i - 2 chokos
 l - a honeycomb
 w - a rotting chunk of worm flesh
Scrolls
 h - 2 scrolls of enchant armour {unknown}
 k - 2 scrolls of curse jewellery {unknown}
 m - 2 scrolls of fog {unknown}
 n - a scroll of fear {unknown}
 o - a scroll of enchant weapon II {unknown}
 s - 2 scrolls of remove curse {unknown}
 x - a scroll of identify {unknown}
 z - a scroll of magic mapping {unknown}
Jewellery
 d - a ring of teleport control (left hand)
 p - an uncursed ring of ice {unknown}
 y - an uncursed ring of positive energy {unknown}
Potions
 e - 3 potions of curing {unknown}
 g - a potion of might {unknown}
 j - a potion of resistance {unknown}
 q - 2 potions of restore abilities {unknown}
 r - a potion of invisibility {unknown}
Books
 b - a book of Flames

   Spells                             Type                      Level
   *Flame Tongue                      Conjuration/Fire             1
   Throw Flame                        Conjuration/Fire             2
   Conjure Flame                      Conjuration/Fire             3
   Inner Flame                        Hexes/Fire                   3
   Sticky Flame                       Conjuration/Fire             4
   Fireball                           Conjuration/Fire             5


   Skills:
 - Level 2.1 Dodging
 - Level 2.0 Stealth
 + Level 3.0 Spellcasting
 * Level 5.4 Conjurations
 + Level 4.3 Fire Magic


You had 10 spell levels left.
You knew the following spells:

 Your Spells              Type           Power        Failure   Level  Hunger
a - Flame Tongue          Conj/Fire      ###..        1%          1    None


Dungeon Overview and Level Annotations

Branches:
Dungeon (3/27)

Altars:
Vehumet
Xom

Annotations
D:3 Crazy Yiuf


Innate Abilities, Weirdness & Mutations

You can fly.
You have a beak for a mouth.
You have claws for feet.


Message History

Confirm with . or Enter, or press ? or * to list all spells.
Aiming: Flame Tongue
Press: ? - help, Shift-Dir - straight line, f/p - Crazy Yiuf
Aim: Crazy Yiuf, wielding a quarterstaff of chaos and wearing a cloak (severely wounded)
The flame hits Crazy Yiuf.
Crazy Yiuf appears unharmed.
Crazy Yiuf is severely wounded.
Crazy Yiuf closely misses you.
Casting: Flame Tongue
Confirm with . or Enter, or press ? or * to list all spells.
Aiming: Flame Tongue
Press: ? - help, Shift-Dir - straight line, f/p - Crazy Yiuf
Aim: Crazy Yiuf, wielding a quarterstaff of chaos and wearing a cloak (severely wounded)
The flame hits Crazy Yiuf.
Crazy Yiuf is almost dead.
Crazy Yiuf barely misses you. Crazy Yiuf barely misses you.
Crazy Yiuf says, "Cholesterol head seventy!"
Crazy Yiuf yells, "Mountain sallow chair!"
Crazy Yiuf hits you with a quarterstaff of chaos!
You die...

#♣♣♣ ####♣♣♣♣ ###
###.#.f♣♣♣♣♣♣#..)#
#....)Pf♣♣♣♣.....#
#.#.@gf..♣..♣#
#.###...♣.♣♣♣# #.#
##♣♣♣♣♣♣♣♣ #.#
#♣♣♣♣♣♣ #.# #.#
#.# #.# #.#


You could see Crazy Yiuf.

Vanquished Creatures
  The ghost of Kae the Ruinous, an average TeFE (D:3)
  4 adders (D:3)
  4 gnolls
  A worm (D:3)
  An orc (D:3)
  A ball python (D:2)
  2 giant cockroaches
  8 hobgoblins
  11 bats
  11 giant newts
  2 goblins
  5 kobolds
  A quokka (D:3)
  18 rats
70 creatures vanquished.

Notes
Turn   | Place    | Note
--------------------------------------------------------------
     0 | D:1      | Kae, the Tengu Fire Elementalist, began the quest for the Orb.
     0 | D:1      | Reached XP level 1. HP: 10/10 MP: 3/3
    98 | D:1      | Reached XP level 2. HP: 12/15 MP: 3/5
   856 | D:1      | Reached XP level 3. HP: 8/19 MP: 2/7
  1742 | D:1      | Reached XP level 4. HP: 15/24 MP: 6/9
  2530 | D:3      | Noticed Kae's ghost (average TeFE)
  2539 | D:3      | Killed Kae's ghost
  2539 | D:3      | Reached skill level 4 in Conjurations
  2539 | D:3      | Reached XP level 5. HP: 10/28 MP: 4/12
  3027 | D:3      | Reached skill level 5 in Conjurations
  3095 | D:3      | Reached XP level 6. HP: 28/32 MP: 8/14
  3235 | D:3      | Found a radiant altar of Vehumet.
  3275 | D:3      | Found a shimmering altar of Xom.
  3279 | D:3      | Became a worshipper of Vehumet
  3451 | D:3      | Noticed Crazy Yiuf
  3470 | D:3      | Mangled by Crazy Yiuf

Action                   |  1- 3 |  4- 6 || total
-------------------------+-------+-------++-------
Melee: Unarmed           |    23 |     2 ||    25
 Cast: Flame Tongue      |    58 |    73 ||   131
 Stab: Sleeping          |     2 |       ||     2
